Map: Ever Dream LE

Players

Zest

  • Race: Protoss Protoss
  • League: Master
  • Spawn Location: 7:00

Stats - Winner!

  • Race: Protoss Protoss
  • League: Grandmaster
  • Spawn Location: 1:00

VOD

Have the link to the VOD?

Description

Time

  • Played on: June 1, 2020, 6:55 a.m.
  • Length: 6:17
Show
View Real Time Build Order
Export as new Build Order

Zest Protoss 

Build Orders: Oracle Opening, Blink Stalkers 

Get SALT Encoding   

  12  0:00  Probe  
  13  0:12  Probe  
  14  0:17  Pylon  
  14  0:25  Probe (Chrono Boost)  
  15  0:37  Gateway, Probe (Chrono Boost)  
  16  0:44  Probe (Chrono Boost)  
  16  0:46  Assimilator  
  17  0:51  Probe  
  17  0:54  Assimilator  
  18  1:03  Probe (Chrono Boost)  
  19  1:06  Gateway  
  19  1:12  Probe (Chrono Boost)  
  19  1:17  Probe (Chrono Boost)  
  20  1:24  Cybernetics Core  
  21  1:29  Probe  
  22  1:34  Pylon  
  22  1:41  Probe  
  23  1:53  Probe  
  24  2:00  Stalker x2  
  28  2:01  Warp Gate  
  28  2:11  Pylon  
  28  2:17  Stargate  
  28  2:30  Stalker  
  28  2:32  Stalker  
  32  3:00  Oracle  
  35  3:11  Nexus  
  35  3:21  Pylon  
  35  3:25  Twilight Council  
  35  3:27  Probe  
  36  3:35  Shield Battery  
  36  3:40  Probe  
  37  3:52  Probe  
  38  3:55  Stalker  
  38  3:56  Stalker  
  38  3:58  Blink (Chrono Boost)  
  42  4:11  Gateway  
  42  4:12  Gateway  
  42  4:25  Stalker x2  
  46  4:35  Pylon  
  46  4:57  Pylon  
  46  5:00  Pylon  
  46  5:03  Shield Battery  
  46  5:12  Stalker  
  45  5:14  Stalker  
  45  5:19  Stalker  
  46  5:21  Probe  
  47  5:33  Probe  
  48  5:40  Nexus  
  48  5:45  Probe  
  49  5:58  Probe  
  38  6:12  Adept x2  
Show
View Real Time Build Order
Export as new Build Order

Stats Protoss - Winner!

Build Orders:  

Get SALT Encoding   

  12  0:01  Probe  
  13  0:13  Probe  
  14  0:18  Pylon  
  14  0:25  Probe (Chrono Boost)  
  15  0:37  Probe (Chrono Boost)  
  15  0:39  Gateway  
  16  0:46  Probe (Chrono Boost)  
  16  0:47  Assimilator  
  17  0:52  Probe  
  17  0:55  Assimilator  
  19  1:04  Probe (Chrono Boost)  
  19  1:07  Gateway  
  19  1:14  Probe (Chrono Boost)  
  20  1:19  Probe (Chrono Boost)  
  21  1:25  Cybernetics Core  
  21  1:30  Probe  
  22  1:34  Pylon  
  22  1:42  Probe  
  23  1:54  Probe  
  24  2:02  Adept x2  
  24  2:03  Warp Gate  
  24  2:07  Robotics Facility  
  28  2:15  Pylon  
  28  2:32  Stalker  
  28  2:33  Stalker  
  32  2:53  Immortal (Chrono Boost)  
  38  3:18  Nexus  
  38  3:26  Pylon  
  36  3:29  Warp Prism (Chrono Boost)  
  38  3:40  Shield Battery  
  38  3:44  Probe  
  39  3:51  Sentry x2  
  43  3:59  Observer  
  42  4:05  Probe  
  42  4:19  Stalker, Sentry  
  46  4:24  Probe  
  47  4:42  Stalker  
  47  4:43  Stalker  
  51  4:48  Probe  
  51  4:51  Probe  
  53  5:01  Probe  
  53  5:03  Probe  
  55  5:14  Observer  
  55  5:15  Immortal (Chrono Boost)  
  55  5:19  Probe  
  56  5:34  Probe x2  
  58  5:45  Twilight Council  
  58  5:49  Stalker  
  60  5:50  Stalker  
  62  5:58  Pylon  
Tags
 
Add a new tag
Caveats
  • Supply blocks, unpowered buildings, or Contaminate may cause inaccurate times.
  • Supply counts are checked every 10 seconds.